 Dungeon Crawl Stone Soup version 0.29.1-12-g30fa7ad0bf (webtiles) character file.

Game seed: 1067335840041742338

9265 MisterFreud the Nimble (level 11, -8/81 HPs)
             Began as a Felid Berserker on Dec 28, 2022.
             Was an Elder of Trog.
             Engulfed by a fire crab's flame (10 damage)
             ... on level 3 of the Lair of Beasts.
             The game lasted 00:17:36 (17584 turns).

MisterFreud the Nimble (Felid Berserker)           Turns: 17584, Time: 00:17:36

Health: -8/81      AC:  2    Str: 19    XL:     11   Next: 20%
Magic:  12/12      EV: 34    Int:  8    God:    Trog [****..]
Gold:   770        SH:  0    Dex: 21    Spells: 10/10 levels left
                                        Lives:  0   Deaths: 2

rFire   . . .      SeeInvis +     - Unarmed
rCold   . . .      Faith    .   (shield unavailable)
rNeg    . . .      Spirit   .   (body armour unavailable)
rPois   .          Reflect  .   (helmet unavailable)
rElec   .          Harm     .   (cloak unavailable)
rCorr   .          Rampage  .   (gloves unavailable)
Will    +....                   (boots unavailable)
Stlth   ..........              (no amulet)
HPRegen 0.23/turn               a - +4 ring of evasion
MPRegen 0.13/turn               e - +6 ring of strength

@: berserking (expiring), marked, very quick
A: very small, claws 1, fangs 3, see invisible, speed 1, shaggy fur 2, stealthy
paws, no weapons or thrown items, no armour, multi-lived
a: Renounce Religion, Berserk, Trog's Hand, Brothers in Arms


You were on level 3 of the Lair of Beasts.
You worshipped Trog.
Trog was greatly pleased with you.
You visited 2 branches of the dungeon, and saw 15 of its levels.

You collected 770 gold pieces.

Inventory:

Jewellery
 a - a +4 ring of evasion (left paw)
 e - a +6 ring of strength (right paw)
 p - a ring of resist corrosion
 A - an amulet of reflection
 D - a ring of protection from cold
Wands
 g - a wand of light (11)
 j - a wand of roots (9)
 n - a wand of paralysis (14)
 v - a wand of flame (13)
 C - a wand of digging (3)
Scrolls
 b - 2 scrolls of magic mapping
 f - a scroll of butterflies
 m - 6 scrolls of identify
 q - a scroll of fear
 r - 4 scrolls of blinking
 x - a scroll of summoning
 y - a scroll of teleportation
Potions
 c - 5 potions of heal wounds
 d - 6 potions of curing
 h - 5 potions of mutation
 i - a potion of invisibility
 k - 2 potions of haste
 l - 2 potions of lignification
 o - 3 potions of might
 s - a potion of flight
 u - a potion of resistance
 w - a potion of berserk rage
 z - a potion of attraction
 B - a potion of ambrosia {unknown}
Miscellaneous
 t - a piece from Xom's chessboard (15/15)


   Skills:
 - Level 10.0 Fighting
 - Level 14.0 Dodging
 - Level 10.0 Stealth
 + Level 11.0 Unarmed Combat
 - Level 10.0 Evocations


You had 10 spell levels left.
You didn't know any spells.
Your spell library was empty.

Dungeon Overview and Level Annotations

Branches:
Dungeon (12/15)            Temple (0/1) D:5            Lair (3/5) D:9
  Swamp (0/4) Lair:2          Orc (0/2) D:11
  Snake: Lair:2-3    Spider: Lair:2-3

Altars:
Ashenzari
Hepliaklqana
Qazlal
Uskayaw
Vehumet

Shops:
D:4 [(

Annotations:
D:4 3 runed translucent doors, stringoo's ghost, weakling OpDe
D:9 Erica


Innate Abilities, Weirdness & Mutations

You have sharp claws.
You have razor-sharp teeth.
You have supernaturally acute eyesight. (SInv)
You cover ground quickly. (Speed+)
You are covered in thick fur. (AC +2)
Your paws help you pounce on unaware monsters.
You are incapable of wielding weapons or throwing items.
You cannot wear armour.
You gain extra lives every three experience levels.


Message History

The wolf is heavily wounded.
The wolf completely misses you.
You mangle the wolf!!
You feel the power of Trog in you as your rage grows.
You kill the wolf!
Trog accepts your kill.
You claw the blink frog!
The blink frog is heavily wounded.
The blink frog blinks!
The blink frog completely misses you.
You miss the blink frog.
The blink frog is heavily wounded.
The blink frog completely misses you.
You barely miss the blink frog.
The blink frog is heavily wounded.
The blink frog blinks! x2
You claw the wolf! You bite the wolf!
The wolf is severely wounded.
The wolf completely misses you.
You claw the wolf!
You kill the wolf!
Trog accepts your kill. The fire crab breathes flames at you.
The blast of flame engulfs you!
* * * LOW HITPOINT WARNING * * *
Your Unarmed Combat skill increases to level 11!
Unknown command.
Unknown command.
Unknown command.
Unknown command.
Unknown command.
You claw the blink frog! Your claw misses the blink frog.
The blink frog is heavily wounded.
You are engulfed in blazing flames.
* * * LOW HITPOINT WARNING * * *
Unknown command.
Unknown command.
You claw the blink frog!
The blink frog is almost dead.
You are engulfed in blazing flames.
You die...

#### ####..# ####@##.F#### ###
##.###FF#h...# ..#######
#...##t......## .
..#P.##.####...P......#.F###..
.....#...##.........##.#......
..........#...##....##†#.§....
..P.........#####........§....
.####.......# ##P.....h.§...
..# #....^..# ##....h....F.


You could see a fire crab and 2 blink frogs.

Vanquished Creatures
  2 boulder beetles (D:12)
  2 two-headed ogres
  Pikel (D:4)
  2 manticores
  An ugly thing (D:11)
  A cyclops (D:11)
  2 black mambas (Lair:3)
  6 cane toads
  A gargoyle (D:10)
  2 rime drakes (Lair:2)
  An unseen horror (D:11)
  A komodo dragon (Lair:1)
  2 tyrant leeches (Lair:2)
  A hornet (D:10)
  A slime creature (D:11)
  A blink frog (Lair:3)
  A water elemental (D:11)
  12 yaks
  2 steam dragons (D:8)
  6 wyverns
  12 vampire mosquitoes
  A swamp worm (Lair:2)
  7 water moccasins
  Duvessa (D:4)
  A black bear (Lair:1)
  9 orc warriors
  An ice beast (D:8)
  A sky beast (D:8)
  9 wolves
  8 centaurs
  3 lemures (D:4)
  5 bullfrogs
  2 kobold brigands
  2 gnoll sergeants
  5 scorpions
  9 wights
  Dowan (D:4)
  6 killer bees
  4 howler monkeys
  2 hounds
  9 orc priests
  2 jellies
  A gnoll bouda (D:8)
  2 iguanas
  22 orc wizards
  17 gnolls
  19 adders
  A shadow imp (D:6)
  2 white imps
  2 worms
  4 dart slugs
  41 orcs
  6 ball pythons
  6 bats
  4 endoplasms
  4 giant cockroaches
  10 goblins
  7 hobgoblins
  4 jackals (D:2)
  5 quokkas
  5 frilled lizards
  13 kobolds
  5 rats
328 creatures vanquished.

Vanquished Creatures (others)
  6 fungi
  52 plants
58 creatures vanquished.

Grand Total: 386 creatures vanquished

Notes
Turn   | Place    | Note
-------+----------+-------------------------------------------
     0 | D:1      | MisterFreud the Felid Berserker began the quest for the
                  | Orb.
     0 | D:1      | Reached XP level 1. HP: 10/10 MP: 2/2
    37 | D:1      | Reached skill level 1 in Stealth
   336 | D:1      | Reached XP level 2. HP: 3/14 MP: 3/3
   665 | D:1      | Found a faded altar of an unknown god.
  1808 | D:2      | Reached XP level 3. HP: 17/17 MP: 4/4
  2211 | D:2      | Reached XP level 4. HP: 19/21 MP: 5/5
  3142 | D:3      | Reached XP level 5. HP: 24/24 MP: 6/6
  3145 | D:3      | Reached ** piety under Trog
  3150 | D:3      | Reached skill level 5 in Stealth
  3481 | D:3      | Found a hazy altar of Hepliaklqana.
  3502 | D:3      | Reached skill level 5 in Unarmed Combat
  3888 | D:3      | Gained mutation: You are covered in thick fur. (AC +2)
                  | [Felid growth]
  3888 | D:3      | Reached XP level 6. HP: 28/28 MP: 7/7
  4242 | D:4      | Found a broken altar of Ashenzari.
  4242 | D:4      | Found a radiant altar of Vehumet.
  4400 | D:4      | Noticed Duvessa
  4400 | D:4      | Noticed Dowan
  4419 | D:5      | Entered Level 5 of the Dungeon
  4709 | D:5      | Found a staircase to the Ecumenical Temple.
  4996 | D:5      | Reached skill level 5 in Dodging
  4999 | D:5      | Reached XP level 7. HP: 31/31 MP: 8/8
  5005 | D:5      | Found the +7 Singing Sword {vorpal, sonic wave}
  5023 | D:5      | Reached skill level 6 in Dodging
  5166 | D:5      | Reached skill level 7 in Dodging
  5269 | D:5      | Reached skill level 8 in Dodging
  5879 | D:4      | Identified the +1 robe "Maahont" {Drain Will++ Str+2}
  6042 | D:4      | Found Vuyggief's Armour Shop.
  6260 | D:4      | Found a runed translucent gate.
  6261 | D:4      | Found a runed translucent gate.
  6261 | D:4      | Identified the +6 scale mail of Lilacs {rElec rC+++ MP+9
                  | Str-5}
  6262 | D:4      | Noticed stringoo's ghost (weakling OpDe)
  6266 | D:4      | Found a runed translucent gate.
  6272 | D:4      | Found Iqarorom's Antique Weapon Emporium.
  6273 | D:4      | Noticed Pikel
  6288 | D:4      | Reached *** piety under Trog
  6328 | D:4      | Killed Pikel
  6329 | D:4      | Reached skill level 10 in Dodging
  6329 | D:4      | Reached XP level 8. HP: 36/36 MP: 9/9
  6617 | D:4      | Killed Duvessa
  6791 | D:4      | Killed Dowan
  6792 | D:4      | Reached skill level 5 in Fighting
  7823 | D:6      | Reached skill level 1 in Evocations
  8265 | D:7      | Reached XP level 9. HP: 34/41 MP: 10/10
  9633 | D:8      | Found a stormy altar of Qazlal.
  9710 | D:8      | Found a hide-covered altar of Uskayaw.
 10089 | D:8      | Noticed a two-headed ogre
 10099 | D:8      | Killed a two-headed ogre
 10100 | D:8      | Reached skill level 11 in Dodging
 10397 | D:9      | Reached XP level 10. HP: 47/47 MP: 11/11
 10540 | D:9      | Noticed a two-headed ogre
 10550 | D:9      | Noticed a two-headed ogre
 10569 | D:9      | Reached skill level 5 in Evocations
 10574 | D:9      | Noticed Erica
 10578 | D:9      | Killed a two-headed ogre
 10616 | D:9      | Reached skill level 12 in Dodging
 10897 | D:9      | Found a staircase to the Lair.
 10966 | D:9      | Reached **** piety under Trog
 11862 | D:10     | Entered Level 10 of the Dungeon
 11941 | D:10     | Reached skill level 10 in Stealth
 12182 | D:10     | Noticed a gargoyle
 12189 | D:10     | Killed a gargoyle
 12311 | D:10     | Reached XP level 11. HP: 52/52 MP: 12/12
 13056 | D:11     | Hit by a large rock thrown by a cyclops
 13057 | D:11     | Reached XP level 10. HP: -16/49 MP: 11/11
 13121 | D:11     | Identified the +7 war axe of the Vine {venom, rElec}
 13881 | D:11     | Killed a cyclops
 13882 | D:11     | Reached skill level 13 in Dodging
 13955 | D:11     | Found a staircase to the Orcish Mines.
 14345 | D:11     | Noticed a manticore
 14352 | D:11     | Killed a manticore
 14586 | D:11     | Identified the +7 dagger of Dismemberment {drain, Str+4}
 14782 | D:12     | Noticed a deep elf pyromancer
 14786 | D:12     | Noticed a cyan ugly thing
 14956 | D:12     | Noticed a boulder beetle
 14967 | D:12     | Killed a boulder beetle
 14978 | D:12     | Reached XP level 11. HP: 19/53 MP: 12/12
 15045 | D:11     | Killed a cyan ugly thing
 15400 | D:12     | Noticed a boulder beetle
 15407 | D:12     | Killed a boulder beetle
 15515 | Lair:1   | Entered Level 1 of the Lair of Beasts
 16589 | Lair:2   | Reached skill level 14 in Dodging
 16601 | Lair:2   | Reached skill level 10 in Fighting
 16605 | Lair:2   | Reached skill level 10 in Unarmed Combat
 16920 | Lair:2   | Found a staircase to the Swamp.
 16948 | Lair:2   | Slain by a tyrant leech
 16949 | Lair:2   | Reached XP level 10. HP: 0/76 MP: 11/11
 17383 | Lair:3   | Reached skill level 10 in Evocations
 17399 | Lair:3   | Noticed a black mamba
 17412 | Lair:3   | Killed a black mamba
 17518 | Lair:3   | Reached XP level 11. HP: 54/54 MP: 12/12
 17531 | Lair:3   | Noticed a fire crab
 17583 | Lair:3   | HP: 2/81 [fire crab] (7)]
 17584 | Lair:3   | Engulfed by a fire crab's flame

Illustrated notes

Levels and vault maps discovered:
D:1:      dpeg_arrival_water_temple_mockup, layout_basic,
          shapermc_ecumenical_altar_venn
D:2:      layout_basic, minmay_heptomino_d4
D:3:      layout_loops_ring, nicolae_hepliaklqana_hazy_memory,
          minmay_fountain_box
D:4:      dreamdust_elfheim, layout_loops_corners,
          gammafunk_temple_overflow_wave, biasface_ghost_orc_armoury,
          serial_shops, shop, nicolae_lakefront_shop, uniq_pikel
D:5:      old_forge, layout_basic, temple_fountains, grunt_decor_mini_mirrors
D:6:      layout_rooms
D:7:      layout_loops_ring
D:8:      minmay_inner_zag, layout_cave_pods, amcnicky_altar_gilded,
          nicolae_uskayaw_murder_on_the_dancefloor, serial_bayou_lagoon_a
D:9:      layout_long_grid, lair_entry_dummy, uniq_erica
D:10:     layout_irregular_city
D:11:     layout_basic, erik_orc_2
D:12:     layout_cave_pools
Lair:1:   layout_regular_city, grunt_megastairs_3, lemuel_fruit_fields
Lair:2:   layout_hall_layers, minmay_swamp_entry_worms
Lair:3:   layout_layer_cave, dummy_snake_entry, patterned_corridor, uniq_sonja,
          uniq_josephine

Skill      XL: |  1  2  3  4  5  6  7  8  9 10 11 |
---------------+----------------------------------+-----
Stealth        | 1 2 3 4 5 6 8 10 | 10.0
Unarmed Combat | 4 5 6 7 9 11 | 11.0
Dodging        | 5 10 11 13 14 | 14.0
Fighting       | 4 6 7 9 10 | 10.0
Evocations     | 1 4 10 9 | 10.0

Action                   |  1- 3 |  4- 6 |  7- 9 | 10-12 || total
-------------------------+-------+-------+-------+-------++-------
Melee: Unarmed           |   108 |   125 |   267 |   617 ||  1117
       Bite              |    10 |    14 |    35 |    80 ||   139
       Punch             |       |     1 |    10 |    41 ||    52
Invok: Berserk           |     3 |     2 |     8 |    10 ||    23
       Trog's Hand       |       |       |     1 |     7 ||     8
       Brothers in Arms  |       |       |       |     2 ||     2
Evoke: Wand              |       |       |       |     1 ||     1
       Piece from Xom's  |       |       |       |     1 ||     1
  Use: Scroll            |     3 |    10 |     8 |     4 ||    25
       Potion            |       |       |       |     1 ||     1
 Stab: Sleeping          |     6 |    19 |    15 |    15 ||    55
       Distracted        |       |       |       |     2 ||     2
Armor: Skin              |     5 |     4 |     4 |    15 ||    28
Dodge: Dodged            |    77 |    65 |   220 |   604 ||   966
